 Dungeon Crawl Stone Soup version 0.20.0-4-g10b340a (webtiles) character file.

971 Monsterracer the Zephyrmancer (level 8, -2/44 HPs)
             Began as a Tengu Air Elementalist on May 28, 2017.
             Was a Follower of Vehumet.
             Slain by an orc warrior
             ... wielding a cursed -3 trident
              (17 damage)
             ... on level 5 of the Dungeon.
             The game lasted 00:19:58 (6544 turns).

Monsterracer the Zephyrmancer (TeAE)                Turns: 6544, Time: 00:19:59

Health: -2/44      AC:  6    Str:  8    XL:     8   Next: 16%
Magic:  1/14       EV: 13    Int: 19    God:    Vehumet [*.....]
Gold:   273        SH:  0    Dex: 16    Spells: 4/14 levels left

rFire    + . .     SeeInvis +   z - +10 long sword of Wrath {slice, MR+ Dex+2 SInv}
rCold    + . .     Gourm    .   (no shield)
rNeg     . . .     Faith    .   t - +1 robe {rC+ rF+}
rPois    .         Spirit   .   (helmet restricted)
rElec    .         Reflect  .   s - +1 cloak
rCorr    .         Harm     .   m - +0 pair of gloves
MR       +....                  (boots unavailable)
Stlth    ++........             (no amulet)
Regen    0.2/turn               (no ring)
MPRegen  0.2/turn               (no ring)

@: no status effects
A: beak, talons 3, blink, evolution 1, able to fly 1
a: Fly, Blink, Renounce Religion


You were on level 5 of the Dungeon.
You worshipped Vehumet.
Vehumet was aware of your devotion.
You were not hungry.

You visited 2 branches of the dungeon, and saw 6 of its levels.

You collected 273 gold pieces.

Inventory:

Hand Weapons
 z - the +10 long sword of Wrath (weapon) {slice, MR+ Dex+2 SInv}
   (You found it on level 4 of the Dungeon)

   It inflicts extra damage upon your enemies.
   It affects your dexterity (+2).
   It affects your resistance to hostile enchantments.
   It lets you see invisible.
Armour
 m - a +0 pair of gloves (worn)
 s - a +1 cloak (worn)
 t - a +1 robe of resistance (worn)
Scrolls
 d - 2 scrolls of immolation
 e - a scroll of blinking
 j - 3 scrolls of identify
 k - 3 scrolls of teleportation
 l - a scroll of remove curse
Potions
 f - 2 potions of ambrosia
 p - a potion of flight
 q - a potion of berserk rage
 v - a potion of haste
 x - 4 potions of curing
Books
 b - a book of Air

   Spells                             Type                      Level
   a - Shock                          Conjuration/Air              1
   b - Swiftness                      Charms/Air                   2
   c - Static Discharge               Conjuration/Air              3
   d - Airstrike                      Air                          4
   e - Lightning Bolt                 Conjuration/Air              5
Comestibles
 a - 3 chunks of flesh
 c - 5 bread rations
 h - 6 fruits
 r - 2 royal jellies
 w - a meat ration


   Skills:
 + Level 1.8 Fighting
 + Level 1.4 Long Blades
 + Level 3.0 Dodging
 - Level 2.0 Stealth
 + Level 3.9 Spellcasting
 * Level 6.8 Conjurations
 * Level 8.3 Air Magic


You had 4 spell levels left.
You knew the following spells:

 Your Spells              Type           Power        Failure   Level  Hunger
a - Shock                 Conj/Air       ####         1%          1    None
b - Swiftness             Chrm/Air       ###.....     3%          2    ##.....
c - Static Discharge      Conj/Air       ####....     1%          3    ###....
d - Airstrike             Air            #####.....   4%          4    ####...


Dungeon Overview and Level Annotations

Branches:
Dungeon (5/15)             Temple (1/1) D:4

Altars:
Ashenzari
Cheibriados
Dithmenos
Elyvilon
Fedhas
Gozag
Hepliaklqana
Kikubaaqudgha
Makhleb
Okawaru
Qazlal
Sif Muna
Trog
Uskayaw
Vehumet
Xom
Yredelemnul
Zin
The Shining One

Annotations:
D:4 Natasha


Innate Abilities, Weirdness & Mutations

You have a beak for a mouth.
You have claws for feet.
You can fly.
You can translocate small distances at will.
You evolve.


Message History

Aim: an orc warrior, wielding a trident and wearing a plate armour (lightly wounded)
The air twists around and strikes the orc warrior!
The orc warrior is heavily wounded.
The orc warrior hits you from afar with a trident.
Casting: Airstrike
Confirm with . or Enter, or press ? or * to list all spells.
Aiming: Airstrike
Press: ? - help, Dir - move target cursor, f/p - orc warrior
Aim: an orc warrior, wielding a trident and wearing a plate armour (heavily wounded)
The air twists around and strikes the orc warrior!
The orc warrior is almost dead.
The orc warrior hits you from afar with a trident!
Casting: Airstrike
Confirm with . or Enter, or press ? or * to list all spells.
Aiming: Shock
Press: ? - help, Shift-Dir - straight line, f/p - orc warrior
Aim: an orc warrior, wielding a trident and wearing a plate armour (almost dead)
The zap misses the orc warrior.
The orc warrior hits you from afar with a trident!
You die...

#....#...........#
#....#...........########
#<...#.......####........
#####....(.....##.....s..
####..........##........
...............##........
...............##o.......
.................#O...[...
######........[.@#........
###....................
.........[.....o.......
.......>..[............
.......................
###....................
#...........#..........
#._..._.....#..........
............#.........


You could see an orc warrior.

Vanquished Creatures
  Eustachio (Temple)
  An ice beast (D:5)
  3 ogres
  A centaur zombie (D:5)
  A hound (D:4)
  2 orc priests
  A worker ant (D:4)
  3 iguanas
  4 orc wizards
  5 adders
  2 worms (D:3)
  A dart slug (D:4)
  A leopard gecko (D:4)
  18 orcs
  2 giant cockroaches
  4 goblins
  10 hobgoblins
  9 jackals
  3 quokkas (D:3)
  A ball python (D:4)
  4 bats
  5 frilled lizards
  16 kobolds
  A rat (D:2)
  A bush (D:1)
100 creatures vanquished.

Notes
Turn   | Place    | Note
-------+----------+-------------------------------------------
     0 | D:1      | Monsterracer the Tengu Air Elementalist began the quest for the Orb.
     0 | D:1      | Reached XP level 1. HP: 10/10 MP: 4/4
   285 | D:1      | Reached XP level 2. HP: 15/15 MP: 1/6
   340 | D:1      | Learned a level 2 spell: Swiftness
   967 | D:1      | Reached XP level 3. HP: 19/19 MP: 3/7
   972 | D:1      | Learned a level 3 spell: Static Discharge
  1671 | D:2      | Reached skill level 5 in Air Magic
  2609 | D:3      | Reached XP level 4. HP: 22/24 MP: 4/8
  2880 | D:3      | Gained mutation: You can fly. [Tengu growth]
  2880 | D:3      | Reached XP level 5. HP: 11/28 MP: 4/10
  3522 | D:3      | Reached skill level 6 in Air Magic
  4228 | D:4      | Noticed a two-headed ogre
  4583 | D:4      | Found a staircase to the Ecumenical Temple.
  4593 | Temple   | Entered the Ecumenical Temple
  4653 | Temple   | Became a worshipper of Vehumet
  4682 | D:4      | Reached XP level 6. HP: 32/32 MP: 3/11
  4689 | D:4      | Noticed Eustachio
  5032 | D:4      | Learned a level 4 spell: Airstrike
  5168 | D:4      | Gained mutation: You expend magic power (3 MP) to strengthen your wands. [potion of mutation]
  5168 | D:4      | Gained mutation: You can translocate small distances at will. [potion of mutation]
  5168 | D:4      | Gained mutation: You evolve. [potion of mutation]
  5386 | D:4      | Got an ancient long sword
  5387 | D:4      | Identified the +10 long sword of Wrath {slice, MR+ Dex+2 SInv} (You found it on level 4 of the Dungeon)
  5453 | D:4      | Reached skill level 5 in Conjurations
  5453 | D:4      | Reached skill level 7 in Air Magic
  5605 | Temple   | Killed Eustachio
  5605 | Temple   | Reached XP level 7. HP: 30/37 MP: 0/13
  5743 | D:4      | Noticed Natasha
  5850 | D:5      | Entered Level 5 of the Dungeon
  5850 | D:5      | Found a shadowy altar of Dithmenos.
  5908 | D:4      | Reached skill level 1 in Fighting
  5929 | D:4      | Lost mutation: You expend magic power (3 MP) to strengthen your wands. [evolution]
  5964 | D:5      | Found a glowing silver altar of Zin.
  6063 | D:5      | Found a white marble altar of Elyvilon.
  6068 | D:5      | Found a blossoming altar of Fedhas.
  6204 | D:5      | Reached skill level 8 in Air Magic
  6245 | D:5      | Reached skill level 1 in Long Blades
  6245 | D:5      | Reached XP level 8. HP: 32/43 MP: 0/14
  6424 | D:5      | Found an opulent altar of Gozag.
  6449 | D:5      | Learned a level 2 spell: Swiftness
  6511 | D:4      | Reached * piety under Vehumet
  6511 | D:4      | Offered knowledge of Sandblast by Vehumet.
  6544 | D:5      | Slain by an orc warrior

Skill      XL: |  1  2  3  4  5  6  7  8 |
---------------+-------------------------+-----
Conjurations   | 2 3 4 5 6 |  6.8
Air Magic      | 5 6 7 8 |  8.3
Spellcasting   | 3 |  3.9
Fighting       | 1 |  1.8
Long Blades    | 1 |  1.4
Dodging        | 3 |  3.0
Stealth        | |  2.0

Action                   |  1- 3 |  4- 6 |  7- 9 || total
-------------------------+-------+-------+-------++-------
Melee: Dagger            |   281 |       |       ||   281
       Kick              |   113 |     3 |     2 ||   118
       Peck              |    83 |       |       ||    83
       Hand axe          |       |     2 |       ||     2
       Long sword        |       |     4 |       ||     4
 Cast: Shock             |    72 |   132 |    44 ||   248
       Static Discharge  |       |     3 |     4 ||     7
       Swiftness         |       |     2 |     1 ||     3
       Airstrike         |       |     2 |     7 ||     9
 Abil: Fly               |       |       |     1 ||     1
  Use: Potion            |     6 |     4 |     1 ||    11
       Scroll            |       |       |    12 ||    12
  Eat: Chunk             |     5 |    10 |     5 ||    20
       Fruit             |     2 |       |       ||     2
Armor: Robe              |     3 |     8 |     6 ||    17
Dodge: Dodged            |     8 |    33 |    12 ||    53
       Rpst.: Long sword |       |     3 |     4 ||     7
